TOP OF THE 1ST |
Butler White Sox batting - Pitching for Penquannock Overrated Jeter : LHP Jason Simpson
|
Pitching: LHP Jason Simpson
|
|
Batting: RHB Luis Fuentes
|
0-0: Called Strike 0-1: Ball 1-1: Ball 2-1: Foul Ball, location: 2F 2-2: Foul Ball, location: 2F 2-2: Ball 3-2: Ground out 5-3 (Groundball, 56S)
|
Batting: RHB Bo Vickers
|
0-0: Ball 1-0: Fly out, F7 (Flyball, 78S)
|
Batting: LHB Dave Cook
|
0-0: Foul Ball, location: 2F 0-1: Ball 1-1: Foul Ball, location: 2F 1-2: Ball 2-2: Foul Ball, location: 2F 2-2: Ball 3-2: Foul Ball, location: 2F 3-2: Base on Balls
|
Batting: RHB Ken Longoria
|
0-0: Called Strike 0-1: Called Strike 0-2: Foul Ball, location: 2F 0-2: Ball 1-2: Strikes out swinging
|
Top of the 1st over - 0 run(s), 0 hit(s), 0 error(s), 1 left on base; Butler 0 - Penquannock 0 |
BOTTOM OF THE 1ST |
Penquannock Overrated Jeter batting - Pitching for Butler White Sox : RHP Cliff Erwin
|
Pitching: RHP Cliff Erwin
|
|
Batting: SHB Bob Noble
|
0-0: Ball 1-0: Fly out, F9 (Line Drive, 9)
|
Batting: RHB Doug Brown
|
0-0: Fly out, F8 (Flyball, 8LD)
|
Batting: RHB Armando Pagán
|
0-0: Ball 1-0: Called Strike 1-1: Ball 2-1: Ball 3-1: Base on Balls
|
Batting: LHB Pete Weber
|
0-0: Ball Armando Pagán is caught stealing 2nd base
|
Bottom of the 1st over - 0 run(s), 0 hit(s), 0 error(s), 0 left on base; Butler 0 - Penquannock 0 |
TOP OF THE 2ND |
Butler White Sox batting - Pitching for Penquannock Overrated Jeter : LHP Jason Simpson
|
Batting: LHB Denny Allen
|
0-0: Ball 1-0: Swinging Strike 1-1: Swinging Strike 1-2: Strikes out swinging
|
Batting: LHB Thomas Dixon
|
0-0: Ground out 1-3 (Groundball, 13S)
|
Batting: RHB Jerry Moore
|
0-0: Ball 1-0: Ball 2-0: Foul Ball, location: 2F 2-1: Foul Ball, location: 2F 2-2: Foul Ball, location: 2F 2-2: TRIPLE (Flyball, 89D)
|
Pinch Runner at 3rd Luis Ramos:
|
|
Batting: RHB José Darias
|
0-0: Ball 1-0: Fly out, F9 (Flyball, 9LM)
|
Top of the 2nd over - 0 run(s), 1 hit(s), 0 error(s), 1 left on base; Butler 0 - Penquannock 0 |
BOTTOM OF THE 2ND |
Penquannock Overrated Jeter batting - Pitching for Butler White Sox : RHP Cliff Erwin
|
Now in LF: Luis Ramos
|
|
Batting: LHB Pete Weber
|
0-0: Ball 1-0: Ball 2-0: Called Strike 2-1: Swinging Strike 2-2: Ball 3-2: Strikes out swinging
|
Batting: LHB Tony Green
|
0-0: Ball 1-0: Called Strike 1-1: Ball 2-1: Swinging Strike 2-2: Ground out 6-3 (Groundball, 6)
|
Batting: RHB Manny Perea
|
0-0: Called Strike 0-1: Foul Ball, location: 2F 0-2: Foul Ball, location: 2F 0-2: Ball 1-2: Ball 2-2: Foul Ball, location: 2F 2-2: Foul Ball, location: 2F 2-2: Fly out, F8 (Flyball, 8LS)
|
Bottom of the 2nd over - 0 run(s), 0 hit(s), 0 error(s), 0 left on base; Butler 0 - Penquannock 0 |
TOP OF THE 3RD |
Butler White Sox batting - Pitching for Penquannock Overrated Jeter : LHP Jason Simpson
|
Batting: RHB Steve Clifton
|
0-0: Swinging Strike 0-1: Ground out 6-3 (Groundball, 6)
|
Batting: RHB Luis Fuentes
|
0-0: Fly out, F8 (Flyball, 8LM)
|
Batting: RHB Bo Vickers
|
0-0: Swinging Strike 0-1: Foul Ball, location: 2F 0-2: Ball 1-2: Strikes out swinging
|
Top of the 3rd over - 0 run(s), 0 hit(s), 0 error(s), 0 left on base; Butler 0 - Penquannock 0 |
BOTTOM OF THE 3RD |
Penquannock Overrated Jeter batting - Pitching for Butler White Sox : RHP Cliff Erwin
|
Batting: LHB Matt Reese
|
0-0: Foul Ball, location: 2F 0-1: Foul Ball, location: 2F 0-2: Ball 1-2: Ball 2-2: Ball 3-2: Foul Ball, location: 2F 3-2: SINGLE (Groundball, 34D)
|
Batting: RHB Barton Frazier
|
0-0: Swinging Strike Matt Reese is caught stealing 2nd base 0-1: Called Strike 0-2: Ball 1-2: Foul Ball, location: 2F 1-2: Ball 2-2: Fly out, F8 (Flyball, 8RXD)
|
Batting: RHB José Velásquez
|
0-0: Called Strike 0-1: Called Strike 0-2: Strikes out swinging
|
Bottom of the 3rd over - 0 run(s), 1 hit(s), 0 error(s), 0 left on base; Butler 0 - Penquannock 0 |
TOP OF THE 4TH |
Butler White Sox batting - Pitching for Penquannock Overrated Jeter : LHP Jason Simpson
|
Batting: LHB Dave Cook
|
0-0: Ball 1-0: Ball 2-0: Ball 3-0: Base on Balls
|
Batting: RHB Ken Longoria
|
0-0: Foul Ball, location: 2F 0-1: Foul Ball, location: 2F 0-2: DOUBLE (Groundball, 5L) Dave Cook to third
|
Batting: LHB Denny Allen
|
0-0: Ball 1-0: Called Strike 1-1: Swinging Strike 1-2: Foul Ball, location: 2F 1-2: Ball 2-2: Ball 3-2: Strikes out swinging
|
Batting: LHB Thomas Dixon
|
0-0: Ball 1-0: Ground out 4-3 (Groundball, 34) Dave Cook scores Ken Longoria to third
|
Batting: RHB Luis Ramos
|
0-0: Ball 1-0: Ball 2-0: Foul Ball, location: 2F 2-1: Called Strike 2-2: Foul Ball, location: 2F 2-2: Strikes out swinging
|
Top of the 4th over - 1 run(s), 1 hit(s), 0 error(s), 1 left on base; Butler 1 - Penquannock 0 |
BOTTOM OF THE 4TH |
Penquannock Overrated Jeter batting - Pitching for Butler White Sox : RHP Cliff Erwin
|
Batting: SHB Bob Noble
|
0-0: Ball 1-0: Ball 2-0: Ball 3-0: Base on Balls
|
Batting: RHB Doug Brown
|
0-0: Ball Bob Noble is caught stealing 2nd base 1-0: Ball 2-0: Foul Ball, location: 2F 2-1: Ground out 5-3 (Groundball, 56S)
|
Batting: RHB Armando Pagán
|
0-0: Foul Ball, location: 2F 0-1: Ball 1-1: Foul Ball, location: 2F 1-2: Foul Ball, location: 2F 1-2: Strikes out swinging
|
Bottom of the 4th over - 0 run(s), 0 hit(s), 0 error(s), 0 left on base; Butler 1 - Penquannock 0 |
TOP OF THE 5TH |
Butler White Sox batting - Pitching for Penquannock Overrated Jeter : LHP Jason Simpson
|
Batting: RHB José Darias
|
0-0: SINGLE (Groundball, 34) (infield hit)
|
Batting: RHB Steve Clifton
|
0-0: Foul Ball, location: 2F 0-1: Ball 1-1: Foul Ball, location: 2F 1-2: Strikes out swinging
|
Batting: RHB Luis Fuentes
|
0-0: Foul Ball, location: 2F 0-1: Fly out, F8 (Flyball, 8RM)
|
Batting: RHB Bo Vickers
|
0-0: Foul Ball, location: 2F 0-1: Ball 1-1: Fielders Choice at 2nd, 5-4 (Groundball, 56)
|
Top of the 5th over - 0 run(s), 1 hit(s), 0 error(s), 0 left on base; Butler 1 - Penquannock 0 |
BOTTOM OF THE 5TH |
Penquannock Overrated Jeter batting - Pitching for Butler White Sox : RHP Cliff Erwin
|
Batting: LHB Pete Weber
|
0-0: Swinging Strike 0-1: Called Strike 0-2: Strikes out looking
|
Batting: LHB Tony Green
|
0-0: Swinging Strike 0-1: Ball 1-1: Foul Ball, location: 2F 1-2: Ball 2-2: Strikes out swinging
|
Batting: RHB Manny Perea
|
0-0: Fly out, F7 (Flyball, 78M)
|
Bottom of the 5th over - 0 run(s), 0 hit(s), 0 error(s), 0 left on base; Butler 1 - Penquannock 0 |
TOP OF THE 6TH |
Butler White Sox batting - Pitching for Penquannock Overrated Jeter : LHP Jason Simpson
|
Pitching: RHP Richard Edwards
|
|
Batting: LHB Dave Cook
|
0-0: Ball 1-0: Called Strike 1-1: Swinging Strike 1-2: Foul Ball, location: 2F 1-2: Strikes out swinging
|
Batting: RHB Ken Longoria
|
0-0: Ball 1-0: Fly out, F7 (Flyball, 7LM)
|
Batting: LHB Denny Allen
|
0-0: SINGLE (Groundball, 34D)
|
Batting: LHB Thomas Dixon
|
0-0: Ball 1-0: Ball Denny Allen steals 2nd base 2-0: Called Strike 2-1: Swinging Strike 2-2: Foul Ball, location: 2F 2-2: Ball Wild Pitch! Denny Allen to third 3-2: Foul Ball, location: 2F 3-2: Foul Ball, location: 2F 3-2: Strikes out looking
|
Top of the 6th over - 0 run(s), 1 hit(s), 0 error(s), 1 left on base; Butler 1 - Penquannock 0 |
BOTTOM OF THE 6TH |
Penquannock Overrated Jeter batting - Pitching for Butler White Sox : RHP Cliff Erwin
|
Batting: LHB Matt Reese
|
0-0: Ball 1-0: Swinging Strike 1-1: Ball 2-1: Ball 3-1: Foul Ball, location: 2F 3-2: Ground out 4-3 (Groundball, 4)
|
Batting: RHB Barton Frazier
|
0-0: Called Strike 0-1: Ball 1-1: Ball 2-1: SINGLE (Groundball, 6D)
|
Batting: RHB José Velásquez
|
0-0: Called Strike 0-1: Foul Ball, location: 2F 0-2: Ball Wild Pitch! Barton Frazier to second 1-2: Ball 2-2: SINGLE (Groundball, 4D) Barton Frazier to third Runner from 3rd tries for Home, SAFE, no throw
|
Batting: SHB Bob Noble
|
0-0: Ball 1-0: Called Strike 1-1: Ball 2-1: Grounds into double play, 4-6-3 (Groundball, 4)
|
Bottom of the 6th over - 1 run(s), 2 hit(s), 0 error(s), 0 left on base; Butler 1 - Penquannock 1 |
TOP OF THE 7TH |
Butler White Sox batting - Pitching for Penquannock Overrated Jeter : RHP Richard Edwards
|
Batting: RHB Luis Ramos
|
0-0: Ball 1-0: Ball 2-0: Called Strike 2-1: Called Strike 2-2: Strikes out looking
|
Pinch Hitting: LHB Sean Perkins
|
0-0: Ball 1-0: Ball 2-0: Swinging Strike 2-1: Foul Ball, location: 2F 2-2: Foul Ball, location: 2F 2-2: Foul Ball, location: 2F 2-2: Ball 3-2: Foul Ball, location: 2F 3-2: Strikes out looking
|
Batting: RHB Steve Clifton
|
0-0: Ball 1-0: Called Strike 1-1: Foul Ball, location: 2F 1-2: Ball 2-2: Strikes out swinging
|
Top of the 7th over - 0 run(s), 0 hit(s), 0 error(s), 0 left on base; Butler 1 - Penquannock 1 |
BOTTOM OF THE 7TH |
Penquannock Overrated Jeter batting - Pitching for Butler White Sox : RHP Cliff Erwin
|
Now in CF: Sean Perkins
|
|
Batting: RHB Doug Brown
|
0-0: Ground out 5-3 (Groundball, 56S)
|
Batting: RHB Armando Pagán
|
0-0: Called Strike 0-1: Ball 1-1: Swinging Strike 1-2: SOLO HOME RUN (Line Drive, 89XD), Distance : 418 ft
|
Batting: LHB Pete Weber
|
0-0: Called Strike 0-1: Foul Ball, location: 2F 0-2: Foul Ball, location: 2F 0-2: Foul Ball, location: 2F 0-2: Ball 1-2: Ball 2-2: Strikes out swinging
|
Batting: LHB Tony Green
|
0-0: Called Strike 0-1: Ball 1-1: Ball 2-1: Foul Ball, location: 2F 2-2: SINGLE (Line Drive, 9LS)
|
Pitching: LHP Domingo Morales
|
|
Batting: RHB Manny Perea
|
0-0: Ball 1-0: Ball 2-0: Called Strike 2-1: Ball 3-1: Foul Ball, location: 2F 3-2: Fly out, F9 (Flyball, 9LSF)
|
Bottom of the 7th over - 1 run(s), 2 hit(s), 0 error(s), 1 left on base; Butler 1 - Penquannock 2 |
TOP OF THE 8TH |
Butler White Sox batting - Pitching for Penquannock Overrated Jeter : RHP Richard Edwards
|
Batting: RHB Luis Fuentes
|
0-0: Ball 1-0: Foul Ball, location: 2F 1-1: Ball 2-1: Foul Ball, location: 2F 2-2: Strikes out swinging
|
Batting: RHB Bo Vickers
|
0-0: Ball 1-0: SINGLE (Flyball, 9LS)
|
Pinch Runner at 1st Sam Haynes:
|
|
Batting: LHB Dave Cook
|
0-0: Foul Ball, location: 2F 0-1: Ball 1-1: Ball 2-1: Foul Ball, location: 2F 2-2: Ball 3-2: Base on Balls Sam Haynes to second
|
Batting: RHB Ken Longoria
|
0-0: Called Strike 0-1: Ball 1-1: Foul Ball, location: 2F 1-2: 3-RUN HOME RUN (Flyball, 78XD), Distance : 396 ft
|
Batting: LHB Denny Allen
|
0-0: Ball 1-0: Foul Ball, location: 2F 1-1: Ball 2-1: DOUBLE (Line Drive, 7LM)
|
Batting: LHB Thomas Dixon
|
0-0: Ball 1-0: Ball 2-0: Ball 3-0: Called Strike 3-1: Base on Balls
|
Pitching: RHP Joaquín Rojas
|
|
Pinch Hitting: LHB Milton Watson
|
0-0: Foul Ball, location: 2F 0-1: Swinging Strike 0-2: Strikes out looking
|
Batting: LHB Sean Perkins
|
0-0: Ball 1-0: 3-RUN HOME RUN (Flyball, 9D), Distance : 360 ft
|
Batting: RHB Steve Clifton
|
0-0: Ground out U3 (Groundball, 34)
|
Top of the 8th over - 6 run(s), 4 hit(s), 0 error(s), 0 left on base; Butler 7 - Penquannock 2 |
BOTTOM OF THE 8TH |
Penquannock Overrated Jeter batting - Pitching for Butler White Sox : LHP Domingo Morales
|
Now at 2B: Tomás Escobar
|
|
Now at 3B: Enrique Bermúdez
|
|
Now at SS: Sam Haynes
|
|
Batting: LHB Matt Reese
|
0-0: Ball 1-0: Ball 2-0: Foul Ball, location: 2F 2-1: Foul Ball, location: 2F 2-2: Ball 3-2: Foul Ball, location: 2F 3-2: Ground out 4-3 (Groundball, 4)
|
Batting: RHB Barton Frazier
|
0-0: Called Strike 0-1: Ball 1-1: Ball 2-1: Swinging Strike 2-2: Ball 3-2: Base on Balls
|
Batting: RHB José Velásquez
|
0-0: Ball 1-0: Called Strike 1-1: Called Strike 1-2: Foul Ball, location: 2F 1-2: Foul Ball, location: 2F 1-2: Ball 2-2: Strikes out swinging
|
Batting: SHB Bob Noble
|
0-0: Called Strike 0-1: Fielders Choice at 2nd, 6-4 (Groundball, 6)
|
Bottom of the 8th over - 0 run(s), 0 hit(s), 0 error(s), 0 left on base; Butler 7 - Penquannock 2 |
TOP OF THE 9TH |
Butler White Sox batting - Pitching for Penquannock Overrated Jeter : RHP Joaquín Rojas
|
Batting: RHB Luis Fuentes
|
0-0: Called Strike 0-1: Called Strike 0-2: Strikes out looking
|
Batting: LHB Sam Haynes
|
0-0: Ball 1-0: Called Strike 1-1: Ball 2-1: Foul Ball, location: 2F 2-2: Ball 3-2: SINGLE (Groundball, 6D)
|
Batting: LHB Dave Cook
|
0-0: Ball 1-0: Swinging Strike 1-1: Called Strike 1-2: Ball 2-2: Foul Ball, location: 2F 2-2: Foul Ball, location: 2F 2-2: Foul Ball, location: 2F 2-2: Ball 3-2: SINGLE (Line Drive, 56) Sam Haynes to second Sam Haynes to third
|
Batting: RHB Ken Longoria
|
0-0: Ball 1-0: Ball 2-0: Grounds into double play, 4-6-3 (Groundball, 4M)
|
Top of the 9th over - 0 run(s), 2 hit(s), 0 error(s), 1 left on base; Butler 7 - Penquannock 2 |
BOTTOM OF THE 9TH |
Penquannock Overrated Jeter batting - Pitching for Butler White Sox : LHP Domingo Morales
|
Batting: RHB Doug Brown
|
0-0: Ball 1-0: Fly out, F4 (Popup, 3D)
|
Batting: RHB Armando Pagán
|
0-0: Ball 1-0: Foul Ball, location: 2F 1-1: Ball 2-1: Foul Ball, location: 2F 2-2: Ball 3-2: Reached on error, E6 (Groundball, 6)
|
Pitching: RHP Eric Wilson
|
|
Batting: LHB Pete Weber
|
0-0: Ball 1-0: Ball 2-0: Called Strike 2-1: Foul Ball, location: 2F 2-2: Foul Ball, location: 2F 2-2: Grounds into double play, 4-6-3 (Groundball, 4)
|
Bottom of the 9th over - 0 run(s), 0 hit(s), 1 error(s), 0 left on base; Butler 7 - Penquannock 2 |
|